 Dungeon Crawl Stone Soup version 0.18-a0-1426-g3b9a63c (webtiles) character file.

130 chei the Skirmisher (level 5, 0/49 HPs)
             Began as a Naga Fighter on Feb 27, 2016.
             Slain by a gnoll
             ... wielding a +2 flail of crushing
              (1 damage)
             ... on level 3 of the Dungeon.
             The game lasted 00:02:01 (2573 turns).

chei the Skirmisher (Naga Fighter)                  Turns: 2573, Time: 00:02:01

Health: 0/49       AC:  5    Str: 23    XL:     5   Next: 13%
Magic:  5/5        EV:  6    Int: 10    God:
Gold:   124        SH:  9    Dex: 10    Spells: 0 memorised, 4 levels left

rFire  + . .     SeeInvis +     a - +0 long sword
rCold  . . .     Gourm    .     b - +0 scale mail
rNeg   . . .     Faith    .     c - +0 shield
rPois  +         Spirit   .     (no helmet)
rElec  .         Dismiss  .     (no cloak)
rCorr  .         Reflect  .     (no gloves)
SustAt .         Harm     .     (no barding)
MR     .....                    j - amulet of rage
Stlth  ..........               (no ring)
                                i - ring of protection from fire

@: mighty, very slow, not resistant to hostile enchantments, extremely
unstealthy
A: see invisible, deformed body, poison resistance, slowness 2, slow metabolism
1, spit poison 2, AC +1
a: Spit Poison, Evoke Berserk Rage


You were on level 3 of the Dungeon.
You were not hungry.

You visited 1 branch of the dungeon, and saw 3 of its levels.

You collected 124 gold pieces.

Inventory:

Hand Weapons
 a - a +0 long sword (weapon)
Armour
 b - a +0 scale mail (worn)
 c - a +0 shield (worn)
Jewellery
 i - a ring of protection from fire (left hand)
 j - an amulet of rage (around neck)
Scrolls
 e - 2 scrolls of random uselessness {unknown}
 g - a scroll of enchant weapon {unknown}
 l - 2 scrolls of identify {unknown}
 o - a scroll of amnesia {unknown}
Potions
 d - a potion of might
 k - 2 potions of ambrosia {unknown}
 m - a potion of flight {unknown}
 n - a potion of beneficial mutation {unknown}
 r - 2 potions of curing {unknown}
 u - a potion of heal wounds {unknown}
Books
 s - a book of the Dragon

   Spells                             Type                      Level
   a - Flame Tongue                   Conjuration/Fire             1
   b - Cause Fear                     Hexes                        4
   c - Bolt of Fire                   Conjuration/Fire             6
   d - Dragon Form                    Transmutation                7
   e - Dragon's Call                  Summoning                    9
Comestibles
 f - 2 bread rations
 h - 7 fruits
 p - 2 meat rations
 q - a slice of pizza


   Skills:
 + Level 3.6 Fighting
 * Level 2.7 Long Blades
 + Level 3.0 Armour
 + Level 1.7 Dodging
 + Level 2.8 Shields


You had 4 spell levels left.
You didn't know any spells.

Dungeon Overview and Level Annotations

Branches:
Dungeon (3/15)

Altars:


Innate Abilities, Weirdness & Mutations

You cannot wear boots.
Your serpentine skin is tough (AC +1).
You have supernaturally acute eyesight.
Armour fits poorly on your strangely shaped body.
Your system is resistant to poisons.
You cover ground very slowly.
You have a slow metabolism.
You can spit poison.


Message History

Unknown command.
You closely miss the gnoll.
The gnoll is almost dead.
The gnoll barely misses you. The gnoll hits you but does no damage.
You block the gnoll's attack. The gnoll hits you with a flail!
* * * LOW HITPOINT WARNING * * *
The gnoll hits you with a spear.
* * * LOW HITPOINT WARNING * * *
You are too injured to fight recklessly!
Unknown command.
You are too injured to fight recklessly!
Unknown command.
You are too injured to fight recklessly!
Unknown command.
You are too injured to fight recklessly!
You hit the gnoll.
The gnoll is almost dead.
The gnoll hits you with a flail of crushing.
* * * LOW HITPOINT WARNING * * *
You die...

#####..###....###......
...........#####.......
...######### #...#.#.
...# ###.#....
...####### ##!....#..
.........####.........
...#####.........#### .
..)#######.......g.#....
........##..#..#@g......
#######........#gg.#....
#....#.#.##.#.....
#........# .. ....
#....#...# ... ...
#.............. ..
##.#####.....(.. . #..
......... #.. ..


You could see 4 gnolls.

Vanquished Creatures
  Terence (D:3)
  5 adders
  3 oozes
  A dart slug (D:2)
  2 giant geckos (D:2)
  2 giant cockroaches
  6 goblins
  6 hobgoblins
  2 jackals (D:2)
  2 quokkas (D:2)
  4 bats
  6 giant newts
  4 kobolds
  4 rats
48 creatures vanquished.

Notes
Turn   | Place    | Note
--------------------------------------------------------------
     0 | D:1      | chei the Naga Fighter began the quest for the Orb.
     0 | D:1      | Reached XP level 1. HP: 21/21 MP: 1/1
   280 | D:1      | Reached XP level 2. HP: 18/28 MP: 2/2
   785 | D:1      | Reached XP level 3. HP: 34/34 MP: 3/3
  1473 | D:2      | Reached skill level 1 in Dodging
  1473 | D:2      | Reached XP level 4. HP: 42/42 MP: 4/4
  1981 | D:3      | Noticed Terence
  2004 | D:3      | Killed Terence
  2179 | D:3      | Reached XP level 5. HP: 28/49 MP: 5/5
  2573 | D:3      | HP: 1/49 [gnoll/flail of crushing (6)]
  2573 | D:3      | Slain by a gnoll

Vault maps used:
D:1:      dpeg_arrival_stone_temple_mockup, solitary_fountain,
          serial_bayou_pond_d, minivault_23
D:2:      first_bread, serial_corexii_hall, corexii_hall_statues_i,
          corexii_hall_statues_l
D:3:      nicolae_overflow_hidden_temple, marbit_many_paths,
          lemuel_coloured_pillars_altar, hangedman_decor_lopped, uniq_terence

Skill      XL: |  1  2  3  4 |
---------------+-------------+-----
Dodging        | 1 |  1.7
Armour         | 3 |  3.0
Fighting       | |  3.6
Long Blades    | |  2.7
Shields        | |  2.8

Action                   |  1- 3 |  4- 6 || total
-------------------------+-------+-------++-------
Melee: Long sword        |   117 |    93 ||   210
 Abil: Spit Poison       |       |     1 ||     1
  Use: Potion            |       |     1 ||     1
  Eat: Chunk             |     1 |     3 ||     4
